 Dungeon Crawl Stone Soup version 0.29.0-4-gdea44cf6ec (webtiles) character file.

Game seed: 16924979927446158879

20 qw the Chopper (level 2, -3/17 HPs)
             Began as a Tengu Warper on Aug 28, 2022.
             Slain by a gnoll
             ... wielding a +0 club
              (5 damage)
             ... on level 2 of the Dungeon.
             The game lasted 00:00:03 (600 turns).

qw the Chopper (Tengu Warper)                        Turns: 600, Time: 00:00:04

Health: -3/17      AC:  3    Str: 11    XL:     2   Next: 79%
Magic:  6/6        EV: 11    Int: 13    God:
Gold:   11         SH:  0    Dex: 13    Spells: 5/5 levels left

rFire   . . .      SeeInvis .   a - +0 hand axe
rCold   . . .      Faith    .   (no shield)
rNeg    . . .      Spirit   .   b - +0 leather armour
rPois   .          Reflect  .   (helmet restricted)
rElec   .          Harm     .   (no cloak)
rCorr   .          Rampage  .   (no gloves)
Will    .....                   (boots unavailable)
Stlth   +.........              (no amulet)
HPRegen 0.05/turn               (no ring)
MPRegen 0.10/turn               (no ring)

@: no status effects
A: beak, talons 3
a: no special abilities


You were on level 2 of the Dungeon.
You visited 1 branch of the dungeon, and saw 2 of its levels.

You collected 11 gold pieces.


Innate Abilities, Weirdness & Mutations

You have a beak for a mouth.
You have claws for feet.


   Skills:
 - Level 2.0 Fighting
 + Level 3.6 Axes
 - Level 1.0 Throwing
 - Level 1.1 Armour
 - Level 2.1 Dodging
 - Level 2.0 Spellcasting
 - Level 2.4 Translocations


You had 5 spell levels left.
You didn't know any spells.
Your spell library contained the following spells:

 Spells                   Type           Power      Damage    Failure   Level
 Blink                    Tloc           14%        N/A       19%         2
 Gell's Gravitas          Tloc           7%         N/A       36%         3
 Lesser Beckoning         Tloc           7%         N/A       36%         3
 Teleport Other           Tloc           7%         N/A       36%         3
 Manifold Assault         Tloc           7%         N/A       98%         5

Inventory:

Hand Weapons
 a - a +0 hand axe (weapon)
 f - a +0 club
Armour
 b - a +0 leather armour (worn)
Jewellery
 e - an amulet of regeneration
 i - a ring of poison resistance
Scrolls
 c - a scroll of blinking
 d - a scroll of acquirement {unknown}
 g - a scroll of fear {unknown}
Potions
 h - a potion of lignification {unknown}
 j - 2 potions of degeneration {unknown}

Dungeon Overview and Level Annotations

Branches:
Dungeon (1/15)

Altars:


Message History

You now have 11 gold pieces (gained 7).
Found 4 stones.
An endoplasm comes into view.
The endoplasm moves out of view.
Found a great sword.
You hit the endoplasm.
You kill the endoplasm!
A gnoll comes into view. It is wielding a +0 whip of freezing.
Found a scroll labelled MOTUICH TUTOIDOO.
The gnoll shouts!
You hear a shout! x3
The gnoll moves out of view.
A gnoll comes into view. It is wielding a +0 club.
A gnoll comes into view. It is wielding a +0 spear.
594 ||| Stepping ~*~*~tactically~*~*~ (stealth).
You see here 4 stones.
You barely miss the gnoll. You claw the gnoll.
You peck the gnoll, but do no damage.
The gnoll is moderately wounded.
The gnoll barely misses you. The gnoll completely misses you.
You hit the gnoll. You claw the gnoll.
The gnoll is severely wounded.
A kobold comes into view. It is wielding a +0 dagger.
The gnoll hits you with a +0 whip of freezing.
The gnoll freezes you.
You hit the gnoll but do no damage. Your kick misses the gnoll.
You peck the gnoll.
The gnoll is almost dead.
You hit the gnoll.
The gnoll hits you with a +0 whip of freezing.
The gnoll freezes you. The gnoll hits you with a +0 club.
You closely miss the gnoll. You claw the gnoll, but do no damage.
Your peck misses the gnoll.
The gnoll is almost dead.
You hit the gnoll. The gnoll closely misses you.
The gnoll hits you but does no damage.
You hit the gnoll.
You kill the gnoll!
You hit the gnoll. The gnoll hits you with a +0 club.
You die...

######### #.......#
#.###...##
####.##8...8#
#######.....##...##
.....##.....##...#
.....##:....##...##
............#8...8#
.....#########..@##
.....##8###8 #.g)#
.................K.
...............}.....
...................)?.g
....###8###8##...##8###
......### ## #...# ##
.......... 8...8
...........


You could see a gnoll and a kobold.

Vanquished Creatures
  A gnoll (D:2)
  A dart slug (D:1)
  5 endoplasms
  A giant cockroach (D:1)
  A goblin (D:2)
  2 hobgoblins (D:2)
  A kobold (D:1)
  A quokka (D:2)
  A ball python (D:1)
  A bat (D:2)
  A frilled lizard (D:2)
16 creatures vanquished.

Notes
Turn   | Place    | Note
-------+----------+-------------------------------------------
     0 | D:1      | qw the Tengu Warper began the quest for the Orb.
     0 | D:1      | Reached XP level 1. HP: 12/12 MP: 4/4
     0 | D:1      | 0 ||| qw: Version: 0.1-a-89-g26bdef1
     0 | D:1      | 0 ||| qw: Game counter: 1630
     0 | D:1      | 0 ||| qw: Always use a shield: true
     0 | D:1      | 0 ||| qw: God list: Okawaru
     0 | D:1      | 0 ||| qw: Allow faded altars: false
     0 | D:1      | 0 ||| qw: Do Orc after D:15 true
     0 | D:1      | 0 ||| qw: Do second Lair branch before Depths: true
     0 | D:1      | 0 ||| qw: Lair rune preference: random
     0 | D:1      | 0 ||| qw: Plans: Normal
     0 | D:1      | 0 ||| PLANNING D:1-11
   250 | D:1      | Reached skill level 3 in Axes
   250 | D:1      | Reached XP level 2. HP: 17/17 MP: 6/6
   259 | D:1      | You fall into a shaft and drop 1 floor!
   311 | D:2      | 311 ||| Stepping ~*~*~tactically~*~*~ (stealth).
   320 | D:2      | 320 ||| Stepping ~*~*~tactically~*~*~ (stealth).
   398 | D:2      | 398 ||| Stepping ~*~*~tactically~*~*~ (stealth).
   455 | D:2      | 455 ||| Stepping ~*~*~tactically~*~*~ (stealth).
   457 | D:2      | 457 ||| Stepping ~*~*~tactically~*~*~ (stealth).
   594 | D:2      | 594 ||| Stepping ~*~*~tactically~*~*~ (stealth).
   598 | D:2      | HP: 2/17 [gnoll/+0 club (4)]
   600 | D:2      | Slain by a gnoll

Levels and vault maps discovered:
D:1:      enne_arrival_octagon_isle, layout_rooms, minmay_box_of_dots
D:2:      layout_basic, serial_corexii_hall, corexii_hall_statues_x,
          chequers_hall_statues_y, corexii_hall_statues_deadend,
          corexii_hall_statues_i

Skill      XL: |  1 |
---------------+----+-----
Axes           | 3 |  3.6
Fighting       | |  2.0
Throwing       | |  1.0
Armour         | |  1.1
Dodging        | |  2.1
Spellcasting   | |  2.0
Translocations | |  2.4

Action                   || total
-------------------------++-------
Melee: Hand axe          ||    39
       Kick              ||    11
       Peck              ||     5
Throw: Boomerang         ||     7
Armor: Leather armour    ||    10
Dodge: Dodged            ||    21

Table legend:
 A = Non-vault XP
 B = Vault XP
 C = Vault XP percentage of total XP
 D = Non-vault monster count
 E = Vault monster count
 F = Vault count percentage of total count
                 A         B        C        D         E       F
            +---------+---------+-------+---------+---------+-------
      Total |      43 |       0 |   0.0 |      16 |       0 |   0.0
            +---------+---------+-------+---------+---------+-------
        D:1 |      11 |       0 |   0.0 |       5 |       0 |   0.0
        D:2 |      32 |       0 |   0.0 |      11 |       0 |   0.0
            +---------+---------+-------+---------+---------+-------
